 Dungeon Crawl Stone Soup version 0.31-a0-152-g6aa68a64a1 (webtiles) character file.

Game seed: 1078625696756189987

128172 javelincjr the Warrior (level 17, 0/117 HPs)
             Began as a Djinni Conjurer on June 8, 2023.
             Was the Champion of Hepliaklqana.
             Slain by Geus's ghost (21 damage)
             ... on level 5 of the Lair of Beasts on June 9, 2023.
             The game lasted 03:00:58 (21467 turns).

javelincjr the Warrior (Djinni Conjurer)           Turns: 21467, Time: 03:00:58

Health: 0/117      AC: 16    Str: 12    XL:     17   Next: 58%
Gold:   2351       EV: 11    Int: 37    God:    Hepliaklqana [******] SH: 11 Dex: 14

rFire   + + +        w - +5 scimitar of Oozing Pus {speed, rF+ Int+3 Dex+2}
rCold   + + .        W - +0 kite shield
rNeg    . . .        a - +0 ice dragon scales
rPois   ∞            (no helmet)
rElec   .            F - scarf {rC+ rF+}
rCorr   .            V - +2 pair of gloves
SInv    .            (boots unavailable)
Will    +....        G - amulet of regeneration Stlth
                     f - +6 ring of intelligence
HPRegen 1.19/turn    K - +6 ring of strength
MPRegen 0.00/turn

%: infuse magic (-1 HP)
@: flying
A: reduced essence, sickness immunity, fire resistance 2, cold vulnerability 1,
float, innate caster, HP casting, extra vitality 1
a: Renounce Religion, Recall Ancestor, Ancestor Identity, Transference, Idealise


You were on level 5 of the Lair of Beasts.
You worshipped Hepliaklqana.
Hepliaklqana was exalted by your worship.
You visited 3 branches of the dungeon, and saw 21 of its levels.
You also visited: Ossuary and Bailey.

You collected 2351 gold pieces.

Inventory:

Hand Weapons
 w - the +5 scimitar of Oozing Pus (weapon) {speed, rF+ Int+3 Dex+2}
   (You found it on level 1 of the Lair of Beasts)

   Int:       It affects your intelligence (+3).
   Dex:       It affects your dexterity (+2).
   rF:        It protects you from fire.
 B - a +6 falchion of holy wrath
 J - a +1 dagger of distortion
Missiles
 D - 3 silver boomerangs
 X - 6 curare-tipped darts
Armour
 a - +0 ice dragon scales (worn)
 b - a +1 cloak
 c - the +2 robe of Keurynta {rElec Regen+}
   (You took it off a skeletal warrior on level 11 of the Dungeon)

   rElec:     It insulates you from electricity.
   Regen:     It increases your rate of health regeneration.
 u - +0 acid dragon scales
 C - an orb of guile
 F - a scarf of resistance (worn)
 I - the +1 scale mail "Nebrudeg" {rF++ Str+9 Dex-5}
   (You found it on level 11 of the Dungeon)

   Str:       It affects your strength (+9).
   Dex:       It affects your dexterity (-5).
   rF:        It greatly protects you from fire.
 L - a +0 leather armour of cold resistance
 Q - the orb "Iranaxka" {*channel, Fly rN+ Int+2 Dex-3}
   (You found it on level 15 of the Dungeon)

   Int:       It affects your intelligence (+2).
   Dex:       It affects your dexterity (-3).
   rN:        It protects you from negative energy.
   Fly:       It grants you flight.
 U - a +0 troll leather armour
 V - a +2 pair of gloves (worn)
 W - a +0 kite shield (worn)
Magical Staves
 d - a staff of conjuration
Jewellery
 e - a ring of willpower
 f - a +6 ring of intelligence (left hand)
 E - a ring of positive energy
 G - an amulet of regeneration (around neck)
 K - a +6 ring of strength (right hand)
Wands
 n - a wand of flame (9)
 v - a wand of iceblast (23)
 H - a wand of quicksilver (14)
 Z - a wand of charming (14)
Scrolls
 i - 9 scrolls of fear
 k - 7 scrolls of vulnerability
 m - a scroll of fog
 q - 5 scrolls of poison
 r - a scroll of magic mapping
 t - 11 scrolls of teleportation
 x - 4 scrolls of torment
 y - a scroll of blinking
 N - 3 scrolls of brand weapon
 T - 2 scrolls of immolation
Potions
 g - 2 potions of mutation {unknown}
 h - 4 potions of resistance
 j - 5 potions of lignification
 l - 5 potions of haste
 o - 2 potions of cancellation
 p - 13 potions of curing
 s - 4 potions of magic {unknown}
 z - 5 potions of brilliance
 A - 7 potions of might
 M - a potion of degeneration {unknown}
 O - 4 potions of heal wounds
 P - 3 potions of ambrosia {unknown}
 R - 3 potions of berserk rage {unknown}
 S - 4 potions of enlightenment
Miscellaneous
 Y - a lightning rod (4/4)


   Skills:
 * Level 15.4 Fighting
 * Level 6.0 Long Blades
 - Level 1.1(4.8) Polearms
 - Level 8.2 Staves
 + Level 10.4 Armour
 + Level 11.6 Dodging
 - Level 1.8 Stealth
 + Level 10.3 Shields
 * Level 11.9 Spellcasting
 * Level 11.9 Conjurations
 * Level 11.9 Hexes
   Level 0.0 Charms
 * Level 11.9 Summonings
 * Level 11.9 Necromancy
 * Level 11.9 Translocations
 * Level 11.9 Transmutations
 * Level 11.9 Fire Magic
 * Level 11.9 Ice Magic
 * Level 11.9 Air Magic
 * Level 11.9 Earth Magic
 * Level 11.9 Poison Magic
 + Level 4.6 Invocations


You knew the following spells:

 Your Spells              Type           Power      Damage    Failure   Level
a - Magic Dart            Conj           100%       1d8       1%          1
b - Searing Ray           Conj           100%       2d8       1%          2
c - Dazzling Flash        Conj/Hex       100%       N/A       1%          3
d - Fulminant Prism       Conj/Hex       42%        3d19      1%          4
e - Iskenderun's Mystic   Conj/Tloc      84%        2d17      1%          4
f - Necrotise             Necr           100%       1d9       1%          1
g - Static Discharge      Conj/Air       100%       2-7/arc   1%          2
h - Vhi's Electric Charg  Tloc/Air       100%       N/A       1%          3
i - Tukima's Dance        Hex            84%        N/A       1%          3
j - Alistair's Intoxicat  Tmut/Pois      56%        N/A       4%          5
k - Yara's Violent Unrav  Hex/Tmut       42%        3d17      4%          5
l - Starburst             Conj/Fire      42%        6d12      26%         6
m - Eringya's Noxious Bo  Tmut/Pois      42%        N/A       26%         6
Your spell library was empty.

Dungeon Overview and Level Annotations

Branches:
Dungeon (15/15)            Temple (1/1) D:5            Lair (5/5) D:8
  Swamp (0/4) Lair:2       Spider (0/4) Lair:3        Slime (0/5) Lair:4
    Orc (0/2) D:12         Vaults (0/5) D:13         Depths (0/4) D:15
Ossuary (visited)          Bailey (visited)

Altars:
Ashenzari
Cheibriados
Dithmenos
Elyvilon
Fedhas
Gozag
Hepliaklqana
Makhleb
Nemelex Xobeh
Okawaru
Qazlal
Ru
Trog
Uskayaw
Wu Jian
Xom
Yredelemnul
Zin
The Shining One

Shops:
D:5 (   D:6 :   D:14 *

Portals:
Trove: D:13 (give 8 scrolls of blinking)

Annotations:
Lair:5 Geus's ghost, journeyman MiGl


Innate Abilities, Weirdness & Mutations

Your life essence is reduced to manifest your ancestor. (-10% HP)
You are immune to sickness and miasma.
You are immune to poison.
Your flesh is very heat resistant. (rF++)
You are vulnerable to cold. (rC-)
You float through the air rather than walking.
You learn spells naturally, not from books.
Your magical power is your life essence.
You have superior vitality. (+4 MHP)


Message History

Geus's ghost is severely damaged.
Geus's ghost is knocked back by the mystic blast.
Unknown command.
Casting: Iskenderun's Mystic Blast (mildly dangerous; 1% risk of failure)
Confirm with . or Enter, or press ? or * to list all spells.
You erupt in a blast of force!
The mystic blast hits Geus's ghost.
Geus's ghost is severely damaged.
Geus's ghost is knocked back by the mystic blast.
Edwyna completely misses Geus's ghost.
Unknown command.
Casting: Iskenderun's Mystic Blast (mildly dangerous; 1% risk of failure)
Confirm with . or Enter, or press ? or * to list all spells.
You erupt in a blast of force!
The mystic blast hits Geus's ghost!!
Geus's ghost is almost destroyed.
Geus's ghost is knocked back by the mystic blast.
Edwyna hits Geus's ghost but does no damage.
Geus's ghost hits Edwyna!
You are too injured to fight recklessly!
You are too injured to fight recklessly!
Edwyna blocks Geus's ghost's attack.
You completely miss Geus's ghost.
Geus's ghost is almost destroyed.
Edwyna misses Geus's ghost.
You hit Geus's ghost but do no damage.
Geus's ghost is almost destroyed.
You block Geus's ghost's attack.
Edwyna hits Geus's ghost but does no damage.
You hit Geus's ghost but do no damage.
Geus's ghost is almost destroyed.
Geus's ghost hits you but does no damage.
You hit Geus's ghost but do no damage.
Geus's ghost is almost destroyed.
Geus's ghost hits you!!!
* * * LOW HITPOINT WARNING * * *
Edwyna hits Geus's ghost with a +0 broad axe of flaming.
Edwyna burns Geus's ghost.
You hit Geus's ghost.
Geus's ghost is almost destroyed.
Geus's ghost hits you!!
You die...

...###....############........##.
..P.P..#.###!!8}!####...#.....#..
.........##8.....8##..........##.
...#.....#:........#..........##.
....#....#.........##..##.....##.
....#...##⌠.......⌠##.###...###..
......####.........#..##..≈..####
...#.#...####'''####.##..≈≈≈..###
..............RW@..(.#..≈≈≈≈≈..##
.......................≈≈≈≈≈≈≈...
......................≈≈≈≈≈≈≈≈≈..
.......†...............≈≈≈≈≈≈≈...
.....#.†..###........#..≈≈≈≈≈..#.
.....#...## ##...#P/###..≈≈≈..###
....##.######....##.#.##..≈..####
.........#.##.....##...##...##..#
.................##............##


You could see the friendly Edwyna the knight and Geus's ghost (ally target).

Vanquished Creatures
  Jorgrun (D:13)
  Rupert (D:13)
  Kirke (D:15)
  The ghost of Iseir the Thaumaturge, a journeyman DjFE of Cheibriados (Lair:5)
  An orc warlord (Bailey)
  The ghost of Jesminib the Brawler, a journeyman HOTm of Beogh (Lair:5)
  A stone giant (D:15)
  2 dire elephants (Lair:5)
  A fire dragon (D:11)
  2 vault guards (D:13)
  An ice dragon (D:11)
  5 hydras
  2 centaur warriors (D:14)
  A tengu warrior (D:15)
  3 boulder beetles
  14 death yaks
  Sonja (Lair:3)
  A skyshark (Lair:4)
  A spectral death yak (Lair:5)
  5 skeletal warriors
  A spectral anaconda (Lair:5)
  3 wizards (D:13)
  An obsidian statue (Lair:5)
  4 necromancers (Lair:5)
  2 orc knights (D:15)
  6 ugly things
  A deep elf pyromancer (D:15)
  An orc sorcerer (D:15)
  6 cyclopes
  28 elephants
  A dire elephant zombie (Lair:5)
  A torpor snail (Lair:2)
  2 black mambas
  3 unseen horrors
  A gargoyle (D:13)
  3 cane toads
  2 rime drakes
  An efreet (D:15)
  9 komodo dragons
  A yaktaur (shapeshifter) (D:14)
  3 yaktaurs (D:15)
  5 trolls
  A tengu conjurer (D:11)
  A polar bear (Lair:5)
  3 meliai (D:15)
  A tarantella (shapeshifter) (D:11)
  Grinder (D:5)
  A spectral elephant (Lair:5)
  Prince Ribbit (D:7)
  11 dream sheep
  11 blink frogs
  A hornet (shapeshifter) (D:13)
  3 wyverns
  4 slime creatures
  16 humans (D:13)
  A dire elephant simulacrum (Lair:5)
  A vampire (D:12)
  4 wraiths
  A hog (shapeshifter) (D:13)
  2 hogs (D:15)
  7 dancing weapons
  25 yaks
  5 basilisks
  2 steam dragons
  4 vampire mosquitoes
  A death yak simulacrum (Lair:5)
  A spectral cane toad (Lair:5)
  4 wargs (D:12)
  4 acid dragons
  10 water moccasins
  12 orc warriors
  3 sky beasts
  3 black bears
  A meliai simulacrum (D:15)
  An ice beast (D:6)
  4 ogres
  An elephant skeleton (Lair:5)
  An elephant zombie (Lair:5)
  8 centaurs
  3 kobold brigands
  13 bullfrogs
  A gnoll sergeant (D:10)
  3 scorpions
  9 wights (D:7)
  An elephant simulacrum (Lair:5)
  10 killer bees
  6 howler monkeys
  5 electric eels
  5 hounds
  4 jellies
  2 gnoll boudas (D:7)
  6 orc priests
  2 sleepcaps
  2 iguanas
  8 orc wizards
  3 hell rats (Lair:5)
  2 mummies (Ossuary)
  8 adders
  13 gnolls
  3 shadow imps (D:7)
  2 white imps
  An ufetubus (D:4)
  2 adder zombies (Ossuary)
  3 worms
  2 dart slugs
  34 orcs
  9 bats
  4 endoplasms
  A giant cockroach (D:2)
  18 goblins
  16 hobgoblins
  2 jackals (D:2)
  14 kobolds
  8 quokkas
  5 ball pythons
  3 frilled lizards
  3 goblin zombies (Ossuary)
  A hobgoblin zombie (Ossuary)
  2 kobold zombies (Ossuary)
  An orc zombie (Ossuary)
  2 quokka zombies (Ossuary)
  6 rats
  A rat zombie (Ossuary)
  8 fulminant prisms
549 creatures vanquished.

Vanquished Creatures (collateral kills)
  3 dire elephants (Lair:5)
  Harold (Lair:2)
  A hydra (Lair:3)
  2 catoblepae
  A boulder beetle (Lair:2)
  3 centaur warriors
  9 two-headed ogres
  4 death yaks (Lair:5)
  3 tengu warriors
  2 spectral death yaks (Lair:5)
  A skeletal warrior (D:14)
  A deep elf pyromancer (D:13)
  4 cyclopes
  A manticore (D:15)
  2 black mambas
  5 cane toads
  7 elephants
  2 yaktaurs (D:15)
  An unseen horror (D:11)
  2 rime drakes (Lair:5)
  A freezing wraith (D:15)
  5 komodo dragons
  An efreet (D:11)
  A tengu conjurer (D:11)
  A meliai (Lair:3)
  2 polar bears
  6 dream sheep
  5 blink frogs
  A centaur simulacrum (D:14)
  4 slime creatures
  2 wraiths (D:11)
  2 wyverns
  6 yaks
  A shadow (D:11)
  A basilisk (Lair:5)
  4 humans (D:13)
  A hog (D:15)
  A vampire mosquito (D:11)
  8 water moccasins
  An acid dragon (D:12)
  A spectral cane toad (Lair:5)
  6 orc warriors
  2 elephant zombies (Lair:5)
  An ogre (D:15)
  4 centaurs (D:14)
  A bullfrog (D:7)
  A kobold brigand (D:11)
  A gnoll sergeant (D:8)
  5 scorpions
  6 wights (D:7)
  5 killer bees
  A howler monkey (D:11)
  A jelly (D:7)
  2 orc priests
  4 orc wizards
  A hell rat (Lair:5)
  2 mummies
  5 gnolls
  An adder zombie (Ossuary)
  20 orcs
  2 goblins (D:10)
  4 hobgoblins (Bailey)
  3 bats (D:8)
  A hobgoblin zombie (Ossuary)
  3 kobolds
  A kobold zombie (Ossuary)
  2 orc zombies (D:8)
  A quokka zombie (Ossuary)
  2 rat zombies (Ossuary)
198 creatures vanquished.

Vanquished Creatures (others)
  A wizard (D:8)
  14 dancing weapons
  An iguana (D:7)
  16 knights
  2 ancestors (D:7)
  302 fulminant prisms
336 creatures vanquished.

Grand Total: 1083 creatures vanquished

Notes
Turn   | Place    | Note
-------+----------+-------------------------------------------
     0 | D:1      | javelincjr the Djinni Conjurer began the quest for the Orb.
     0 | D:1      | javelincjr set off with the following spells memorised:
                  | Magic Dart, Searing Ray, Dazzling Flash, Fulminant Prism,
                  | Iskenderun's Mystic Blast.
     0 | D:1      | Reached XP level 1. HP: 15/15 MP: 0/0
   125 | D:1      | Reached XP level 2. HP: 17/21 MP: 0/0
   534 | D:1      | Reached XP level 3. HP: 24/26 MP: 0/0
   534 | D:1      | Learned a level 1 spell: Necrotise
   888 | D:2      | Reached skill level 1 in Fighting
  1169 | D:2      | Reached XP level 4. HP: 31/32 MP: 0/0
  1195 | D:2      | Found a faded altar of an unknown god.
  1893 | D:3      | Reached skill level 1 in Armour
  2324 | D:4      | Reached skill level 1 in Staves
  2324 | D:4      | Reached XP level 5. HP: 31/38 MP: 0/0
  2324 | D:4      | Learned a level 2 spell: Static Discharge
  2438 | D:4      | Reached skill level 2 in Fighting
  2446 | D:4      | Reached skill level 1 in Shields
  2583 | D:4      | Noticed an ogre
  2596 | D:4      | Killed an ogre
  2597 | D:4      | Reached XP level 6. HP: 36/45 MP: 0/0
  2717 | D:4      | Noticed an ogre
  2725 | D:4      | Killed an ogre
  2726 | D:4      | Reached skill level 3 in Fighting
  2726 | D:4      | Reached XP level 7. HP: 33/50 MP: 0/0
  2726 | D:4      | Learned a level 3 spell: Vhi's Electric Charge
  2935 | D:5      | Entered Level 5 of the Dungeon
  2944 | D:5      | Found a staircase to the Ecumenical Temple.
  2952 | Temple   | Entered the Ecumenical Temple
  3102 | Temple   | Became a worshipper of Hepliaklqana the Forgotten
  3337 | D:5      | Found Keidghouk's Weapon Boutique.
  3646 | D:5      | Reached XP level 8. HP: 56/58 MP: 0/0
  3677 | D:5      | Noticed Grinder
  3683 | D:5      | Paralysed by Grinder for 4 turns
  3690 | D:5      | Killed Grinder
  3691 | D:5      | Reached skill level 4 in Fighting
  3854 | D:5      | Found a burning altar of Makhleb.
  3854 | D:5      | Noticed a blizzard demon
  4619 | D:6      | Found a blossoming altar of Fedhas.
  4726 | D:6      | Reached skill level 5 in Spellcasting
  4726 | D:6      | Reached skill level 5 in Conjurations
  4726 | D:6      | Reached skill level 5 in Hexes
  4726 | D:6      | Reached skill level 5 in Summonings
  4726 | D:6      | Reached skill level 5 in Necromancy
  4726 | D:6      | Reached skill level 5 in Translocations
  4726 | D:6      | Reached skill level 5 in Transmutations
  4726 | D:6      | Reached skill level 5 in Fire Magic
  4726 | D:6      | Reached skill level 5 in Ice Magic
  4726 | D:6      | Reached skill level 5 in Air Magic
  4726 | D:6      | Reached skill level 5 in Earth Magic
  4726 | D:6      | Reached skill level 5 in Poison Magic
  4909 | D:6      | Reached XP level 9. HP: 11/64 MP: 0/0
  4909 | D:6      | Learned a level 3 spell: Tukima's Dance
  5084 | D:6      | Reached * piety under Hepliaklqana
  5120 | D:6      | Found Zemaec's Book Boutique.
  5180 | D:6      | Reached skill level 5 in Fighting
  5606 | D:6      | Found a broken altar of Ashenzari.
  6143 | D:7      | Reached skill level 5 in Dodging
  6199 | D:7      | Noticed Prince Ribbit
  6207 | D:7      | Killed Prince Ribbit
  6431 | D:7      | Reached skill level 6 in Fighting
  6555 | D:7      | Reached XP level 10. HP: 37/64 MP: 0/0
  7058 | D:7      | Reached skill level 7 in Fighting
  7061 | D:7      | Upgraded the game from 0.31-a0-150-g89dc3ad700 to
                  | 0.31-a0-152-g6aa68a64a1
  7484 | D:7      | Found a snail-covered altar of Cheibriados.
  7780 | D:8      | Reached skill level 5 in Armour
  7781 | D:8      | Found a white marble altar of Elyvilon.
  7965 | D:8      | Reached ** piety under Hepliaklqana
  7967 | D:8      | Found a staircase to the Lair.
  7979 | D:8      | Remembered your ancestor Edwyna as a knight
  8175 | D:8      | Found a sand-covered staircase.
  8180 | Ossuary  | Entered an ossuary
  8502 | D:8      | Reached skill level 5 in Shields
  8572 | D:8      | Found a bloodstained altar of Trog.
  8573 | D:8      | Noticed a wizard
  8578 | D:8      | Killed a wizard
  8947 | D:9      | Noticed a two-headed ogre
  8950 | D:9      | Killed a two-headed ogre
  8951 | D:9      | Reached XP level 11. HP: 71/72 MP: 0/0
  8951 | D:9      | Learned a level 5 spell: Alistair's Intoxication
  9340 | D:9      | Reached *** piety under Hepliaklqana
  9490 | D:9      | Reached skill level 8 in Fighting
  9490 | D:9      | Reached skill level 5 in Staves
  9618 | D:10     | Entered Level 10 of the Dungeon
  9746 | D:10     | Found a flagged portal.
  9763 | Bailey   | Entered a bailey
  9853 | Bailey   | Noticed an orc warlord
  9890 | Bailey   | Killed an orc warlord
 10301 | D:10     | Reached **** piety under Hepliaklqana
 10937 | D:10     | Noticed a two-headed ogre
 10950 | D:10     | Killed a two-headed ogre
 11327 | D:11     | Noticed a two-headed ogre
 11332 | D:11     | Noticed a centaur warrior
 11334 | D:11     | Killed a two-headed ogre
 11335 | D:11     | Reached skill level 9 in Fighting
 11340 | D:11     | Killed a centaur warrior
 11341 | D:11     | Reached XP level 12. HP: 53/80 MP: 0/0
 11559 | D:11     | Reached skill level 11 in Fighting
 11559 | D:11     | Reached XP level 13. HP: 74/89 MP: 0/0
 11559 | D:11     | Learned a level 5 spell: Yara's Violent Unravelling
 11685 | D:11     | Noticed an ice dragon
 11701 | D:11     | HP: 1/89 [ice dragon/blast of cold (53)]
 11830 | D:11     | Killed an ice dragon
 11949 | D:11     | Identified the +2 robe of Keurynta {rElec Regen+}
 12735 | D:11     | Noticed a fire dragon
 12758 | D:11     | Killed a fire dragon
 12829 | D:11     | Identified the +1 scale mail "Nebrudeg" {rF++ Str+9 Dex-5}
 13081 | D:12     | Reached ***** piety under Hepliaklqana
 13129 | D:12     | Reached skill level 12 in Fighting
 13241 | D:12     | Found a staircase to the Orcish Mines.
 13664 | D:13     | Reached XP level 14. HP: 77/96 MP: 0/0
 13765 | D:13     | Reached skill level 10 in Spellcasting
 13765 | D:13     | Reached skill level 10 in Conjurations
 13765 | D:13     | Reached skill level 10 in Hexes
 13765 | D:13     | Reached skill level 10 in Summonings
 13765 | D:13     | Reached skill level 10 in Necromancy
 13765 | D:13     | Reached skill level 10 in Translocations
 13765 | D:13     | Reached skill level 10 in Transmutations
 13765 | D:13     | Reached skill level 10 in Fire Magic
 13765 | D:13     | Reached skill level 10 in Ice Magic
 13765 | D:13     | Reached skill level 10 in Air Magic
 13765 | D:13     | Reached skill level 10 in Earth Magic
 13765 | D:13     | Reached skill level 10 in Poison Magic
 13854 | D:13     | Noticed Rupert
 13892 | D:13     | Killed Rupert
 13896 | D:13     | Noticed Jorgrun
 14010 | D:13     | Killed Jorgrun
 14291 | D:13     | Found a gate to the Vaults.
 14574 | D:13     | Found a portal to a secret trove of treasure.
 14710 | D:14     | Reached skill level 13 in Fighting
 14735 | D:14     | Found Cirup's General Store.
 14891 | D:14     | Reached XP level 15. HP: 87/103 MP: 0/0
 14891 | D:14     | Learned a level 6 spell: Starburst
 15317 | D:14     | You are sucked into a shaft and drop 1 floor!
 15317 | D:15     | Entered Level 15 of the Dungeon
 15568 | D:15     | Noticed Kirke
 15581 | D:15     | Noticed a sphinx
 15584 | D:15     | Killed Kirke
 15585 | D:15     | Reached skill level 10 in Dodging
 15638 | D:15     | Found a sparkling altar of Nemelex Xobeh.
 15961 | D:15     | Found a staircase to the Depths.
 15961 | D:15     | Noticed a stone giant
 15979 | D:15     | Killed a stone giant
 16071 | D:15     | Identified the orb "Iranaxka" {*channel, Fly rN+ Int+2
                  | Dex-3}
 16492 | Lair:1   | Entered Level 1 of the Lair of Beasts
 16511 | Lair:1   | Reached skill level 14 in Fighting
 16795 | Lair:1   | You are sucked into a shaft and drop 1 floor!
 16815 | Lair:2   | Reached skill level 1 in Polearms
 17269 | Lair:1   | Identified the +5 scimitar of Oozing Pus {speed, rF+ Int+3
                  | Dex+2}
 17641 | Lair:2   | Found a staircase to the Swamp.
 17728 | Lair:2   | Reached ****** piety under Hepliaklqana
 17975 | Lair:2   | Reached skill level 1 in Long Blades
 18025 | Lair:2   | Reached skill level 1 in Invocations
 18027 | Lair:2   | Reached XP level 16. HP: 108/110 MP: 0/0
 18211 | Lair:2   | Noticed Harold
 18221 | Lair:2   | Killed Harold
 18724 | Lair:3   | Noticed Sonja
 18754 | Lair:3   | Killed Sonja
 19239 | Lair:3   | Found a hole to the Spider Nest.
 19640 | Lair:4   | Found a staircase to the Slime Pits.
 19898 | Lair:5   | Entered Level 5 of the Lair of Beasts
 20090 | Lair:5   | Reached skill level 15 in Fighting
 20124 | Lair:5   | Reached skill level 10 in Armour
 20127 | Lair:5   | Reached XP level 17. HP: 37/117 MP: 0/0
 20127 | Lair:5   | Learned a level 6 spell: Eringya's Noxious Bog
 20269 | Lair:5   | Found a runed translucent gate.
 20269 | Lair:5   | Noticed Geus's ghost (journeyman MiGl)
 20269 | Lair:5   | Noticed Jesminib's ghost (journeyman HOTm)
 20270 | Lair:5   | Found a runed translucent gate.
 20271 | Lair:5   | Found a runed translucent gate.
 20272 | Lair:5   | Noticed Iseir's ghost (journeyman DjFE)
 20297 | Lair:5   | Reached skill level 5 in Long Blades
 20297 | Lair:5   | Reached skill level 10 in Shields
 21452 | Lair:5   | Killed Iseir's ghost
 21458 | Lair:5   | Killed Jesminib's ghost
 21467 | Lair:5   | Slain by Geus's ghost

Illustrated notes

Levels and vault maps discovered:
D:1:      ncdulo_lavacross, layout_loops_ring, hangedman_decor_diamond_cutter
D:2:      minmay_general_purpose_star, layout_basic,
          chequers_ecumenical_altar_island
D:3:      layout_loops_ring
D:4:      layout_rooms, serial_aquarium, aquarium_bridge_square
          [aquarium_subvault_wall, aquarium_subvault_wall,
          aquarium_subvault_wall, aquarium_subvault_bridge],
          aquarium_window_fake, aquarium_window_1, aquarium_view_2f
D:5:      layout_gridville, makhleb_altar_promises_db,
          minmay_temple_entry_waves, serial_shops, shop, hangedman_decor_lopped,
          uniq_grinder
D:6:      layout_cave_pods, chequers_temple_overflow_statue_of_worship,
          serial_shops, nicolae_stop_n_shop_1
D:7:      minmay_bubble_buster, layout_gridville, lemuel_round_altar,
          corexii_leaking_fountain, lightli_minifort, uniq_prince_ribbit1
D:8:      old_forge, layout_rooms, elyvilon_altar_1, trog_wizard,
          nicolae_ossuary_entry_giza
D:9:      layout_irregular_city
D:10:     layout_layer_cave, enter_bailey_5, serial_glass, glass_columns_a,
          glass_columns_c, glass_columns_a, glass_columns_a, glass_columns_a,
          glass_columns_b, glass_columns_a, glass_columns_b
D:11:     minmay_the_grid_3x3 [minmay_the_grid_expand, minmay_the_grid_paths,
          minmay_the_grid_all_tris, minmay_the_grid_dragon_a,
          minmay_the_grid_outer_diamond, minmay_the_grid_plusring,
          minmay_the_grid_dragon_b, minmay_the_grid_spin_star,
          minmay_the_grid_prize_four_corners], layout_grid_maze
D:12:     layout_small_grid, minmay_orc_entry_guard_dogs, st_stairs_9,
          minmay_misc_feat_iff
D:13:     layout_loops_cross, grunt_vaults_entry_tiered, enter_trove_1,
          uniq_rupert, uniq_jorgrun
D:14:     layout_basic, serial_shops, nicolae_shop_window_shopping,
          glass_columns_b
D:15:     grunt_enter_depths_snipers, layout_basic,
          nemelex_diamond_rough_becter, uniq_kirke
Temple:   nicolae_temple_bog_church
Lair:1:   statuecave_lemuel, layout_layer_cave, minmay_holes,
          grunt_megastairs_4, serial_bayou_shore_a
Lair:2:   layout_layer_cave, minmay_swamp_entry_swarm, uniq_harold
Lair:3:   layout_long_grid, hellmonk_spider_entry_not_the_bees,
          chequers_serial_rivers_small_a, serial_bayou_shore_b, uniq_sonja
Lair:4:   layout_big_grid, slime_entry_1
Lair:5:   due_jungle_book, layout_regular_city, gammafunk_ghost_cemetery,
          amcnicky_mini_pool_medium, serial_bayou_shore_b, lemuel_fruit_tree

Skill      XL: |  1  2  3  4  5  6  7  8  9 10 11 12 13 14 15 16 17 |
---------------+----------------------------------------------------+-----
Fighting       | 1 2 3 4 6 7 9 11 12 13 14 15 | 15.4
Armour         | 1 2 3 4 5 6 7 8 9 10 | 10.4
Staves         | 1 2 3 4 5 6 7 8 |  8.2
Dodging        | 3 4 5 6 7 8 9 10 11 | 11.6
Shields        | 1 2 3 4 5 6 7 8 9 10 | 10.3
Spellcasting   | 4 5 6 7 9 10 11 | 11.9
Conjurations   | 4 5 6 7 9 10 11 | 11.9
Hexes          | 4 5 6 7 9 10 11 | 11.9
Summonings     | 4 5 6 7 9 10 11 | 11.9
Necromancy     | 4 5 6 7 9 10 11 | 11.9
Translocations | 4 5 6 7 9 10 11 | 11.9
Transmutations | 4 5 6 7 9 10 11 | 11.9
Fire Magic     | 4 5 6 7 9 10 11 | 11.9
Ice Magic      | 4 5 6 7 9 10 11 | 11.9
Air Magic      | 4 5 6 7 9 10 11 | 11.9
Earth Magic    | 4 5 6 7 9 10 11 | 11.9
Poison Magic   | 4 5 6 7 9 10 11 | 11.9
Polearms       | 1 |  1.1
Long Blades    | 1 4 6 |  6.0
Invocations    | 1 3 4 |  4.6
Stealth        | |  1.8

Action                     |  1- 3 |  4- 6 |  7- 9 | 10-12 | 13-15 | 16-18 || total
---------------------------+-------+-------+-------+-------+-------+-------++-------
  Melee: Staff             |       |       |    14 |    51 |    39 |       ||   104
         Trident           |       |       |       |       |    35 |       ||    35
         Scimitar          |       |       |       |       |     9 |    47 ||    56
   Cast: Magic Dart        |    68 |    72 |    88 |   285 |   332 |   190 ||  1035
         Searing Ray       |       |     7 |    20 |     5 |       |       ||    32
         Dazzling Flash    |       |     2 |     1 |     1 |       |     1 ||     5
         Necrotise         |       |       |    11 |     2 |       |       ||    13
         Vhi's Electric Ch |       |       |     3 |     1 |       |       ||     4
         Fulminant Prism   |       |       |    14 |    38 |   162 |    96 ||   310
         Tukima's Dance    |       |       |    28 |    37 |    73 |       ||   138
         Iskenderun's Myst |       |       |       |    29 |   109 |   129 ||   267
         Alistair's Intoxi |       |       |       |     5 |     3 |       ||     8
         Yara's Violent Un |       |       |       |       |     1 |     2 ||     3
         Starburst         |       |       |       |       |     4 |     5 ||     9
 Invoke: Recall Ancestor   |       |       |     1 |     1 |     2 |       ||     4
         Ancestor Life: Kn |       |       |       |     1 |       |       ||     1
         Transference      |       |       |       |       |     1 |       ||     1
    Use: Scroll            |       |       |     4 |     7 |    15 |     6 ||    32
         Potion            |       |       |     2 |     1 |     1 |       ||     4
   Stab: Distracted        |       |       |       |       |     1 |       ||     1
 Armour: Robe              |     2 |     1 |     6 |     8 |    25 |       ||    42
         Leather armour    |       |       |       |     3 |       |       ||     3
         Ice dragon scales |       |       |       |       |       |    29 ||    29
  Dodge: Dodged            |     2 |     5 |    41 |    73 |    66 |    39 ||   226
  Block: Buckler           |       |     2 |    15 |    26 |       |       ||    43
         Kite shield       |       |       |       |     6 |    83 |    45 ||   134

Table legend: (Time is in decaauts)
 A = Elapsed time spent in this place.
 B = Non-inter-level travel time spent in this place.
 C = Inter-level travel time spent in this place.
 D = Time resting spent in this place.
 E = Time spent auto-exploring this place.
 F = Levels seen in this place.
 G = Mean time per level.
                   A        B        C        D        E       F      G
               +--------+--------+--------+--------+--------+-----+--------+
         Total |  21490 |  20440 |   1050 |   1854 |  13307 |  23 |  934.3 |
       Dungeon |  15664 |  14672 |    992 |   1496 |   9785 |  15 | 1044.3 |
        Temple |    171 |    156 |     15 |      0 |    114 |   1 |  171.0 |
          Lair |   4979 |   4937 |     42 |    324 |   3144 |   5 |  995.8 |
       Ossuary |    264 |    264 |      0 |      0 |    160 |   1 |  264.0 |
        Bailey |    410 |    410 |      0 |     34 |    104 |   1 |  410.0 |
               +--------+--------+--------+--------+--------+-----+--------+

Top non-repeatable levels by time:
     D:7: 1831 daAuts
    D:11: 1812 daAuts
  Lair:5: 1565 daAuts
     D:6: 1491 daAuts
     D:5: 1229 daAuts
  Lair:2: 1216 daAuts
    D:10: 1215 daAuts
    D:13: 1041 daAuts
    D:15: 1025 daAuts
  Lair:1: 989 daAuts
     D:8: 951 daAuts
     D:2: 848 daAuts
     D:1: 781 daAuts
     D:3: 741 daAuts
     D:9: 686 daAuts
